 Dungeon Crawl Stone Soup version 0.20-a0-465-g6513c8f (webtiles) character file.

49 mopl the Insei (level 3, 5/26 HPs)
             Began as a Barachian Transmuter on Jan 12, 2017.
             Quit the game on level 2 of the Dungeon.
             The game lasted 00:02:33 (1657 turns).

mopl the Insei (Barachian Transmuter)               Turns: 1657, Time: 00:02:34

Health: 5/26       AC:  3    Str:  8    XL:     3   Next: 77%
Magic:  4/6        EV: 11    Int: 12    God:
Gold:   111        SH:  0    Dex: 11    Spells: 0/6 levels left

rFire  . . .     SeeInvis .       - Unarmed
rCold  . . .     Gourm    .     b - +0 robe
rNeg   . . .     Faith    .     (no shield)
rPois  .         Spirit   .     (no helmet)
rElec  .         Reflect  .     (no cloak)
rCorr  .         Harm     .     j - +0 pair of gloves
MR     .....                    (no boots)
Stlth  +.........               (no amulet)
                                (no ring)
                                (no ring)

@: lethally poisoned (5 -> -18), very slightly contaminated, heavily drained,
slow
A: swims, slowness 1, strong legs 1
a: Hop


You were on level 2 of the Dungeon.
You were hungry.

You visited 1 branch of the dungeon, and saw 2 of its levels.

You collected 111 gold pieces.

Inventory:

Missiles
 a - 85 arrows
 o - 4 tomahawks (quivered)
Armour
 b - a +0 robe (worn)
 j - a +0 pair of gloves (worn)
Jewellery
 r - an uncursed ring of fire
Scrolls
 g - 3 scrolls of enchant armour {unknown}
 i - a scroll of blinking {unknown}
 k - a scroll of amnesia {unknown}
 m - a scroll of identify {unknown}
 p - a scroll of magic mapping {unknown}
Potions
 l - a potion of agility {unknown}
Books
 c - a book of Changes

   Spells                             Type                      Level
   a - Beastly Appendage              Transmutation                1
   b - Sticks to Snakes               Transmutation                2
   c - Spider Form                    Transmutation/Poison         3
   d - Ice Form                       Ice/Transmutation            4
   e - Blade Hands                    Transmutation                5
Comestibles
 d - a bread ration
 n - a slice of pizza
 q - 2 chunks of flesh


   Skills:
 - Level 1.1(0.0) Fighting
 - Level 2.0(0.4) Dodging
 * Level 4.1(2.4) Unarmed Combat
 - Level 2.0(0.4) Spellcasting
 + Level 2.4(0.9) Transmutations
 + Level 1.0(0.0) Poison Magic


You couldn't memorise any spells.
You knew the following spells:

 Your Spells              Type           Power        Failure   Level  Hunger
a - Beastly Appendage     Tmut           #.....       21%         1    ##.....
b - Spider Form           Tmut/Pois      #.........   80%         3    ####...
w - Sticks to Snakes      Tmut           #.......     34%         2    ###....


Dungeon Overview and Level Annotations

Branches:
Dungeon (2/15)

Altars:


Innate Abilities, Weirdness & Mutations

You can swim through water.
You cover ground slowly.
You can hop short distances.


Message History

You hit the adder.
The adder is severely wounded.
You feel sick. The adder closely misses you.
You miss the adder.
The adder is severely wounded.
You feel sick. The adder bites you.
* * * LOW HITPOINT WARNING * * *
You are more poisoned.
The adder poisons you!
Casting: Beastly Appendage
Confirm with . or Enter, or press ? or * to list all spells.
You miscast Sticks to Snakes.
Multicoloured lights dance before your eyes!
* * * LOW HITPOINT WARNING * * *
You feel sick. The adder bites you.
* * * LOW HITPOINT WARNING * * *
You are more poisoned.
The adder poisons you!
Unknown command.
Are you sure you want to abandon this character and quit the game? (Confirm with "yes".)

...###.#.<......#.#.#####.#.###
.8..††........................#
...###.#........#.#.#####.#.#.##
.#.# #.#........#.#.# #(#.#..#
.#.# #.#........#.#.# #.#.##.##
.#.# #.#....)...#.#.# #.#.##..#
.#.###.#.########.. ..#.###.#
.......#.##################.#
#.# ##..............@S...... ..#
#.# ...........#############
##.# ###........# #...
#........# ############# #.#.
#........# #...........# #.#.
#........###...........# #.##
#........#..........[..# #.##
#........#.#.......[...# #.##
#.#...........# #.#


You could see an adder.

Vanquished Creatures
  A gnoll (D:2)
  An ooze (D:2)
  A dart slug (D:1)
  2 leopard geckos
  3 giant cockroaches (D:1)
  6 goblins
  A hobgoblin (D:2)
  A jackal (D:2)
  A kobold (D:1)
  A ball python (D:2)
  4 bats (D:1)
  3 frilled lizards
  3 rats
28 creatures vanquished.

Vanquished Creatures (collateral kills)
  A worm (D:1)
1 creature vanquished.

Grand Total: 29 creatures vanquished

Notes
Turn   | Place    | Note
-------+----------+-------------------------------------------
     0 | D:1      | mopl the Barachian Transmuter began the quest for the Orb.
     0 | D:1      | Reached XP level 1. HP: 15/15 MP: 3/3
   198 | D:1      | Reached XP level 2. HP: 20/21 MP: 5/5
   215 | D:1      | Learned a level 2 spell: Sticks to Snakes
  1005 | D:1      | Reached XP level 3. HP: 26/26 MP: 6/6
  1010 | D:1      | Learned a level 3 spell: Spider Form
  1344 | D:2      | Reached skill level 4 in Unarmed Combat
  1623 | D:2      | Reached skill level 1 in Poison Magic
  1657 | D:2      | Quit the game

Vault maps used:
D:1:      doesnt_arrival_goblin_jail, minmay_tromino_v4_c
D:2:      st_stairs_1

Skill      XL: |  1  2  3 |
---------------+----------+-----
Unarmed Combat | 4 |  4.1
Poison Magic   | 1 |  1.0
Fighting       | |  1.1
Dodging        | |  2.0
Spellcasting   | |  2.0
Transmutations | |  2.4

Action                   || total
-------------------------++-------
Melee: Unarmed           ||   155
       Kick              ||     5
       Punch             ||     2
       Headbutt          ||     2
 Cast: Beastly Appendage ||    12
       Sticks to Snakes  ||     2
       Spider Form       ||     1
  Use: Potion            ||     3
 Stab: Sleeping          ||     2
       Invisible         ||     5
  Eat: Chunk             ||     3
Armor: Robe              ||    39
Dodge: Dodged            ||    96
